 Dungeon Crawl Stone Soup version 0.20.0-15-g7f486f2 (webtiles) character file.

7633 pib the Grappler (level 11, -1/96 (97) HPs)
             Began as a Ghoul Monk on June 26, 2017.
             Was a Priest of Ru.
             Slain by a gnoll sergeant
             ... wielding a +0 spear
              (6 damage)
             ... on level 9 of the Dungeon.
             The game lasted 00:25:29 (8563 turns).

pib the Grappler (Ghoul Monk)                       Turns: 8563, Time: 00:25:31

HP:   -1/96 (97)    AC: 11    Str: 19    XL:     11   Next: 18%
MP:   10/10         EV: 13    Int:  5    God:    Ru [***...]
Gold: 357           SH:  8    Dex: 11    Spells: 10/10 levels left

rFire    + . .     SeeInvis .     - Unarmed
rCold    + . .     Gourm    .   (no shield)
rNeg     + + +     Faith    .   D - +2 scale mail {rC+}
rPois    ∞         Spirit   .   (no helmet)
rElec    .         Reflect  +   (no cloak)
rCorr    .         Harm     .   (no gloves)
MR       .....                  K - +0 pair of boots
Stlth    +.........             f - brooch of Shielding {Reflect SH+8}
Regen    0.0/turn               t - ring of fire
MPRegen  0.2/turn               m - ring of stealth

@: rotting
A: rotting body, claws 1, carnivore 3, cold resistance 1, negative energy
resistance 3, inhibited regeneration, torment resistance, unbreathing, inability
to use devices, no charms magic, no earth magic, no transmutations magic
a: Draw Out Power, Renounce Religion


You were on level 9 of the Dungeon.
You worshipped Ru.
Ru was most pleased with you.
You were not hungry.

You visited 1 branch of the dungeon, and saw 9 of its levels.

You collected 357 gold pieces.

Inventory:

Hand Weapons
 a - a +1 hunting sling of freezing
 v - a +0 flail
 B - a +4 shortbow of velocity
Missiles
 e - 318 stones (quivered)
 C - 32 arrows
Armour
 i - a +1 chain mail
 y - a +0 robe
 A - a +0 scale mail
 D - a +2 scale mail of cold resistance (worn)
 I - a +0 leather armour
 J - a +2 robe of magic resistance
 K - a +0 pair of boots (worn)
Jewellery
 f - the brooch of Shielding (around neck) {Reflect SH+8}
   (You found it on level 4 of the Dungeon)

   [amulet of reflection]

   It shields you and reflects attacks.
   It affects your SH (+8).
 m - a ring of stealth (right claw)
 o - an uncursed ring of wizardry
 t - a ring of fire (left claw)
Scrolls
 h - a scroll of enchant armour
 j - 3 scrolls of identify
 k - 3 scrolls of amnesia
 q - 4 scrolls of teleportation
 s - 2 scrolls of remove curse
 w - a scroll of fog
Potions
 c - a potion of ambrosia {unknown}
 g - a potion of berserk rage {unknown}
 p - 7 potions of curing {unknown}
 r - 2 potions of brilliance {unknown}
 u - a potion of cancellation {unknown}
 x - 2 potions of heal wounds {unknown}
 z - a potion of invisibility {unknown}
Comestibles
 b - 6 meat rations
 d - 3 royal jellies
 l - 5 bread rations
 n - a chunk of flesh


   Skills:
 + Level 9.1 Fighting
 + Level 6.5 Armour
 + Level 7.6 Dodging
 - Level 2.1 Stealth
 * Level 12.0 Unarmed Combat


You had 10 spell levels left.
You didn't know any spells.

Dungeon Overview and Level Annotations

Branches:
Dungeon (9/15)                Orc (0/2) D:9
 Temple: D:4-7         Lair: D:8-11

Altars:
Okawaru
Ru
Sif Muna
Xom
Zin
The Shining One

Shops:
D:4 =


Innate Abilities, Weirdness & Mutations

Your body is rotting away.
You thrive on raw meat.
You are immune to poison.
You have sharp fingernails.
You are carnivorous and can eat meat at any time.
Your flesh is cold resistant. (rC+)
You are immune to negative energy. (rN+++)
You do not regenerate when monsters are visible.
You are immune to unholy pain and torment.
You can survive without breathing.
You cannot study or use magical devices.
You cannot study or cast Charms magic.
You cannot study or cast Earth magic.
You cannot study or cast Transmutations magic.


Message History

You block the leopard gecko's attack.
You closely miss the leopard gecko. The leopard gecko closely misses you.
You barely miss the leopard gecko. You block the leopard gecko's attack.
The troll bites you.
* * * LOW HITPOINT WARNING * * *
You block the troll's attack. x2
You mangle the leopard gecko!!
You kill the leopard gecko!
You block the gnoll sergeant's attack. The troll bites you but does no damage.
The troll misses you. The troll completely misses you.
You scratch the troll.
The troll is lightly wounded.
The gnoll sergeant misses you.
You scratch the troll.
The troll is moderately wounded.
The troll completely misses you. The troll claws you.
* * * LOW HITPOINT WARNING * * *
The troll completely misses you.
The gnoll sergeant hits you from afar with a spear.
You die...

## #### ... .... #.# ### #.#
#.# #.# #
#.########.######.##### ####
##..........gT@......... ....
............#####....... ####
#..........# .......
#..........# ........#
#..........# ........#
#.........V#####........######
#.........T...................
............######..........###
....#######)# #..........#


You could see a troll and a gnoll sergeant.

Vanquished Creatures
  2 two-headed ogres (D:8)
  Pikel (D:4)
  Maurice (D:8)
  Prince Ribbit (D:5)
  Grinder (D:3)
  A spriggan (D:9)
  A vampire (D:9)
  3 hungry ghosts
  Menkaure (D:6)
  The ghost of Frank the Shield-Bearer, an amateur GrFi (D:3)
  Duvessa (D:6)
  8 orc warriors
  2 slaves (D:4)
  A black bear (D:8)
  An ice beast (D:8)
  3 phantoms
  3 centaurs
  A necrophage (D:8)
  4 ogres
  2 gnoll sergeants (D:9)
  3 scorpions
  Dowan (D:6)
  3 killer bees (D:8)
  An electric eel (D:8)
  5 crimson imps
  7 hounds
  A jelly (D:7)
  4 orc priests
  A gnoll shaman (D:8)
  Jessica (D:3)
  16 orc wizards
  Terence (D:2)
  11 worker ants
  A killer bee zombie (D:6)
  A hound zombie (D:8)
  3 worker ant zombies
  5 gnolls
  8 adders
  2 shadow imps (D:5)
  2 oozes
  3 adder skeletons
  A worm (D:2)
  4 dart slugs
  8 leopard geckos
  19 orcs
  4 giant cockroaches
  8 goblins
  8 hobgoblins
  8 jackals
  A quokka (D:4)
  4 ball pythons
  4 bats
  5 frilled lizards
  A jackal skeleton (D:4)
  11 kobolds
  A leopard gecko skeleton (D:8)
  2 rats
208 creatures vanquished.

Vanquished Creatures (others)
  An orc warrior (D:6)
  A phantom (D:8)
  An ogre (D:8)
  2 orc priests (D:4)
  An orc wizard (D:4)
  A killer bee zombie (D:5)
  5 orcs (D:4)
  A frilled lizard (D:4)
13 creatures vanquished.

Grand Total: 221 creatures vanquished

Notes
Turn   | Place    | Note
-------+----------+-------------------------------------------
     0 | D:1      | pib the Ghoul Monk began the quest for the Orb.
     0 | D:1      | Reached XP level 1. HP: 19/19 MP: 0/0
    17 | D:1      | Reached XP level 2. HP: 18/26 MP: 1/1
   265 | D:1      | Reached skill level 4 in Unarmed Combat
   365 | D:1      | Reached XP level 3. HP: 31/31 MP: 2/2
   983 | D:2      | Noticed Terence
   995 | D:2      | Killed Terence
   995 | D:2      | Reached XP level 4. HP: 39/40 MP: 3/3
  1814 | D:3      | Found a sacrificial altar of Ru.
  1829 | D:3      | Reached skill level 5 in Unarmed Combat
  1829 | D:3      | Reached XP level 5. HP: 46/46 MP: 4/4
  1849 | D:3      | Became a worshipper of Ru the Awakened
  1866 | D:3      | Gained mutation: You cannot study or cast Earth magic. [Ru sacrifice]
  1866 | D:3      | Gained mutation: You cannot study or cast Transmutations magic. [Ru sacrifice]
  1866 | D:3      | Gained mutation: You cannot study or cast Charms magic. [Ru sacrifice]
  1866 | D:3      | Reached * piety under Ru
  2024 | D:3      | Noticed Jessica
  2027 | D:3      | Noticed Frank's ghost (amateur GrFi)
  2029 | D:3      | Killed Jessica
  2038 | D:3      | Killed Frank's ghost
  2038 | D:3      | Reached XP level 6. HP: 23/53 MP: 5/5
  2235 | D:3      | Found an iron altar of Okawaru.
  2400 | D:3      | Noticed Grinder
  2402 | D:3      | Paralysed by Grinder for 6 turns
  2416 | D:3      | Paralysed by Grinder for 2 turns
  2427 | D:3      | Killed Grinder
  2427 | D:3      | Reached skill level 5 in Fighting
  2427 | D:3      | Reached skill level 6 in Unarmed Combat
  2427 | D:3      | Reached XP level 7. HP: 40/61 MP: 6/6
  2751 | D:4      | Found Hutz's Jewellery Boutique.
  2873 | D:4      | Reached skill level 1 in Armour
  2993 | D:4      | Noticed Pikel
  3011 | D:4      | Killed Pikel
  3011 | D:4      | Reached skill level 5 in Dodging
  3011 | D:4      | Reached skill level 7 in Unarmed Combat
  3011 | D:4      | Reached XP level 8. HP: 9/70 MP: 7/7
  3603 | D:4      | Reached skill level 8 in Unarmed Combat
  3706 | D:5      | Entered Level 5 of the Dungeon
  3729 | D:5      | Noticed Prince Ribbit
  3942 | D:5      | Killed Prince Ribbit
  3958 | D:5      | Reached XP level 9. HP: 50/78 MP: 8/8
  4099 | D:5      | Found a glowing silver altar of Zin.
  4642 | D:6      | Reached skill level 9 in Unarmed Combat
  4653 | D:6      | Gained mutation: You cannot study or use magical devices. [Ru sacrifice]
  4653 | D:6      | Reached ** piety under Ru
  4653 | D:6      | Reached *** piety under Ru
  5127 | D:6      | Noticed Dowan
  5129 | D:6      | Noticed Duvessa
  5137 | D:6      | Killed Dowan
  5149 | D:6      | Killed Duvessa
  5647 | D:6      | Noticed Menkaure
  5662 | D:6      | Killed Menkaure
  5805 | D:6      | Reached skill level 10 in Unarmed Combat
  6307 | D:7      | Reached XP level 10. HP: 70/88 MP: 9/9
  6370 | D:7      | Found a shimmering altar of Xom.
  6370 | D:7      | Found a shimmering altar of Xom.
  6370 | D:7      | Found a shimmering altar of Xom.
  6370 | D:7      | Found a shimmering altar of Xom.
  6370 | D:7      | Found a shimmering altar of Xom.
  6370 | D:7      | Found a shimmering altar of Xom.
  6445 | D:7      | Noticed a cyclops
  6590 | D:7      | Found a deep blue altar of Sif Muna.
  6598 | D:7      | Reached skill level 5 in Armour
  7222 | D:8      | Noticed Maurice
  7247 | D:8      | Killed Maurice
  7268 | D:8      | Reached skill level 11 in Unarmed Combat
  7755 | D:8      | Found a glowing golden altar of the Shining One.
  7777 | D:8      | Noticed a two-headed ogre
  7791 | D:8      | Killed a two-headed ogre
  7953 | D:8      | Noticed a two-headed ogre
  7963 | D:8      | Killed a two-headed ogre
  7963 | D:8      | Reached XP level 11. HP: 36/95 MP: 10/10
  8262 | D:9      | Found a staircase to the Orcish Mines.
  8472 | D:9      | Reached skill level 12 in Unarmed Combat
  8563 | D:9      | Slain by a gnoll sergeant

Skill      XL: |  1  2  3  4  5  6  7  8  9 10 11 |
---------------+----------------------------------+-----
Unarmed Combat | 4 5 6 7 8 10 11 12 | 12.0
Dodging        | 3 4 5 6 7 |  7.6
Fighting       | 4 5 6 7 8 9 |  9.1
Armour         | 2 3 4 6 |  6.5
Stealth        | |  2.1

Action                   |  1- 3 |  4- 6 |  7- 9 | 10-12 || total
-------------------------+-------+-------+-------+-------++-------
Melee: Unarmed           |    75 |   162 |   424 |   312 ||   973
       Punch             |     2 |       |    10 |     7 ||    19
Invok: Sacrifice Arcana  |       |     1 |       |       ||     1
       Sacrifice Artific |       |       |     1 |       ||     1
       Reject Sacrifices |       |       |       |     1 ||     1
  Use: Scroll            |       |     2 |    10 |     3 ||    15
       Potion            |       |       |       |     1 ||     1
 Stab: Sleeping          |     4 |       |       |       ||     4
       Distracted        |       |       |     4 |       ||     4
       Invisible         |       |       |     2 |     1 ||     3
  Eat: Chunk             |     3 |     8 |    18 |     9 ||    38
Armor: Robe              |     7 |       |       |       ||     7
       Chain mail        |       |    70 |   125 |    42 ||   237
       Scale mail        |       |       |       |    15 ||    15
Dodge: Dodged            |    48 |    41 |   101 |    82 ||   272
Block: Other             |       |       |   129 |    73 ||   202
       Reflection        |       |       |     3 |     1 ||     4
